 Dungeon Crawl Stone Soup version 0.22-a0-407-gb098539 (webtiles) character file.

1390 dstrtnsr the Cleaver (level 8, 0/111 HPs)
             Began as a Hill Orc Berserker on May 9, 2018.
             Was a Priest of Trog.
             Succumbed to a killer bee's poison
             ... on level 7 of the Dungeon.
             The game lasted 00:03:53 (3240 turns).

dstrtnsr the Cleaver (Hill Orc Berserker)           Turns: 3240, Time: 00:03:53

Health: 0/111      AC: 12    Str: 33    XL:     8   Next: 68%
Magic:  8/8        EV:  9    Int:  7    God:    Trog [***...]
Gold:   212        SH:  0    Dex: 13    Spells: 7/7 levels left

rFire    + . .     SeeInvis .   q - +0 war axe
rCold    + . .     Gourm    .   (no shield)
rNeg     . . .     Faith    .   y - +0 chain mail
rPois    .         Spirit   .   (no helmet)
rElec    .         Reflect  .   f - scarf {rC+ rF+}
rCorr    .         Harm     .   i - +0 pair of gloves
MR       .....                  m - +2 pair of boots
Stlth    ..........             (no amulet)
HPRegen  0.28/turn              g - +6 ring of strength
MPRegen  0.11/turn              A - +3 ring of dexterity

@: berserking (expiring), lethally poisoned (0 -> -22), very quick
A: no striking features
a: Berserk, Trog's Hand, Renounce Religion


You were on level 7 of the Dungeon.
You worshipped Trog.
Trog was most pleased with you.
You were very hungry.

You visited 1 branch of the dungeon, and saw 7 of its levels.

You collected 212 gold pieces.

Inventory:

Hand Weapons
 q - a +0 war axe (weapon)
Armour
 f - a scarf of resistance (worn)
 i - a +0 pair of gloves (worn)
 m - a +2 pair of boots (worn)
 y - a +0 chain mail (worn)
Jewellery
 g - a +6 ring of strength (left hand)
 A - a +3 ring of dexterity (right hand)
Wands
 C - a wand of acid (6)
 M - a wand of polymorph (18)
 V - a wand of digging (12)
Scrolls
 b - 2 scrolls of identify {unknown}
 c - a scroll of fog {unknown}
 h - a scroll of fear {unknown}
 j - a scroll of immolation {unknown}
 k - a scroll of teleportation {!d}
 p - 4 scrolls of remove curse {@r2}
 r - a scroll of blinking {unknown}
 t - a scroll of magic mapping {unknown}
 u - a scroll of amnesia {unknown}
Potions
 d - 3 potions of degeneration {unknown}
 l - a potion of cancellation {unknown}
 n - 3 potions of haste {unknown}
 o - a potion of brilliance {unknown}
 v - a potion of berserk rage {unknown}
 w - a potion of mutation {unknown}
 x - a potion of magic {unknown}
 z - a potion of lignification {unknown}
Comestibles
 e - 11 rations {!d}


   Skills:
 + Level 8.0 Fighting
 * Level 11.5 Axes
 - Level 2.1 Armour
 - Level 1.5 Dodging


You had 7 spell levels left.
You didn't know any spells.

Dungeon Overview and Level Annotations

Branches:
Dungeon (7/15)             Temple (0/1) D:4

Altars:
Cheibriados
Fedhas
Gozag
Okawaru
Yredelemnul

Shops:
D:4 %


Message History

The killer bee poisons you!
You hit the killer bee.
The killer bee is moderately wounded.
You feel sick.
The killer bee stings you but does no damage.
The killer bee barely misses you. x2
You hit the killer bee.
The killer bee is heavily wounded.
You feel sick. The killer bee closely misses you. The killer bee stings you.
You are more poisoned.
The killer bee poisons you!
You hit the killer bee but do no damage.
The killer bee is heavily wounded.
You feel sick. The killer bee barely misses you. The killer bee stings you.
The orc wizard casts a spell.
The orc wizard blinks!
The killer bee stings you but does no damage.
You miss the killer bee.
The killer bee is heavily wounded.
You feel sick. The killer bee closely misses you.
The orc wizard casts a spell.
The orc wizard blinks!
The killer bee stings you.
You are more poisoned.
The killer bee poisons you! The killer bee stings you.
You are more poisoned.
The killer bee poisons you!
You slice the killer bee!!
You kill the killer bee!
Trog accepts your kill.
Your Fighting skill increases to level 8!
You feel very sick.
The killer bee stings you but does no damage.
You hit the killer bee but do no damage.
You feel very sick. The killer bee stings you.
You are more poisoned.
The killer bee poisons you! The killer bee closely misses you.
The killer bee stings you.
You closely miss the killer bee.
You feel very sick. The killer bee stings you.
* * * LOW HITPOINT WARNING * * *
The killer bee stings you but does no damage.
You are too injured to fight recklessly!
You are too injured to fight recklessly!
You are too injured to fight recklessly!
You are too injured to fight recklessly!
Unknown command.
A red film seems to cover your vision as you go berserk!
You feel yourself moving faster!
You feel mighty!
You are feeling very hungry.
You feel very sick. The killer bee barely misses you.
The killer bee stings you.
* * * LOW HITPOINT WARNING * * *
You are lethally poisoned!
The killer bee poisons you! The killer bee stings you!
* * * LOW HITPOINT WARNING * * *
You are more poisoned.
The killer bee poisons you!
Unknown command.
You are too injured to fight recklessly!
You are too injured to fight recklessly!
You are too injured to fight recklessly!
You are too injured to fight recklessly!
You are too injured to fight recklessly!
You are too injured to fight recklessly!
You are too injured to fight recklessly!
You miss the killer bee.
* * * LOW HITPOINT WARNING * * *
You feel very sick. The killer bee closely misses you.
The killer bee stings you.
* * * LOW HITPOINT WARNING * * *
You closely miss the killer bee.
* * * LOW HITPOINT WARNING * * *
You feel very sick. The killer bee completely misses you.
The killer bee closely misses you.
You miss the killer bee.
* * * LOW HITPOINT WARNING * * *
You feel very sick. The killer bee barely misses you.
The killer bee stings you but does no damage.
You barely miss the killer bee.
* * * LOW HITPOINT WARNING * * *
You feel sick.
The killer bee stings you but does no damage. x2
You closely miss the killer bee.
* * * LOW HITPOINT WARNING * * *
You feel very sick.
The orc wizard mumbles some strange words.
The orc wizard blinks!
The killer bee stings you but does no damage.
The orc wizard mumbles some strange words.
The orc wizard blinks!
The killer bee stings you but does no damage.
You miss the killer bee.
You feel yourself speed up.
* * * LOW HITPOINT WARNING * * *
You feel sick. The killer bee misses you.
You miss the killer bee.
You die...

...8## #.#.# #####.
....####.#.# #.
...._#.#.#.#######.
....##...#.........
...8####.#########. #
#.## ##.. #..## ##...
...##########...####....
....oyy@...........'....
.....o######....####....
.ยง... #...## ##... ...?
##.## ##.. ... #.# ##.
.o #.# ## . #.# # #.# #
#.# ##


You could see 2 killer bees, an orc wizard and 2 orcs.

Vanquished Creatures
  The ghost of galech the Charmwright, a novice GnWn (D:4)
  Eustachio (D:6)
  Edmund (D:4)
  2 orc warriors
  A sky beast (D:7)
  A necrophage (D:7)
  A killer bee (D:7)
  A howler monkey (D:4)
  2 crimson imps
  An orc wizard (D:6)
  2 hounds (D:4)
  A bullfrog skeleton (D:7)
  An iguana (D:5)
  3 worker ants
  4 adders
  2 worms
  2 dart slugs (D:2)
  2 leopard geckos
  10 orcs
  2 ball pythons
  6 bats
  4 giant cockroaches
  6 goblins
  3 hobgoblins
  10 jackals
  2 kobolds
  5 quokkas
  2 leopard gecko skeletons
  2 rats
81 creatures vanquished.

Notes
Turn   | Place    | Note
-------+----------+-------------------------------------------
     0 | D:1      | dstrtnsr the Hill Orc Berserker began the quest for the Orb.
     0 | D:1      | Reached XP level 1. HP: 19/19 MP: 1/1
   154 | D:1      | Reached XP level 2. HP: 27/27 MP: 2/2
   217 | D:2      | HP: 15/40 [jackal (3)]
   219 | D:2      | Reached skill level 5 in Axes
   219 | D:2      | Reached XP level 3. HP: 18/33 MP: 3/3
   222 | D:2      | HP: 17/49 [giant cockroach (2)]
   283 | D:2      | Reached ** piety under Trog
   292 | D:2      | HP: 10/33 [worm (6)]
   568 | D:2      | Reached XP level 4. HP: 41/41 MP: 4/4
   906 | D:3      | Reached skill level 6 in Axes
  1031 | D:4      | Found a blossoming altar of Fedhas.
  1063 | D:4      | Reached XP level 5. HP: 33/47 MP: 5/5
  1093 | D:4      | Reached skill level 5 in Fighting
  1253 | D:4      | Noticed Edmund
  1258 | D:4      | Killed Edmund
  1258 | D:4      | Reached skill level 7 in Axes
  1258 | D:4      | Reached XP level 6. HP: 56/56 MP: 6/6
  1402 | D:4      | Found Nokamun's Food Shoppe.
  1427 | D:4      | Noticed galech's ghost (novice GnWn)
  1434 | D:5      | Entered Level 5 of the Dungeon
  1520 | D:5      | Reached skill level 8 in Axes
  1750 | D:5      | Found an iron altar of Okawaru.
  1762 | D:5      | Reached XP level 7. HP: 29/63 MP: 7/7
  2305 | D:4      | Killed galech's ghost
  2305 | D:4      | Reached skill level 9 in Axes
  2312 | D:4      | Found a staircase to the Ecumenical Temple.
  2485 | D:6      | Noticed Eustachio
  2497 | D:6      | Killed Eustachio
  2497 | D:6      | Reached skill level 10 in Axes
  2497 | D:6      | Reached XP level 8. HP: 73/73 MP: 8/8
  2796 | D:6      | Reached *** piety under Trog
  2948 | D:7      | Reached skill level 11 in Axes
  3111 | D:7      | Found a snail-covered altar of Cheibriados.
  3122 | D:7      | Found a basalt altar of Yredelemnul.
  3124 | D:7      | Found an opulent altar of Gozag.
  3231 | D:7      | HP: 27/74 [killer bee (3)]
  3234 | D:7      | HP: 13/111 [poisoned by a killer bee]
  3237 | D:7      | HP: 5/111 [poisoned by a killer bee]
  3238 | D:7      | HP: 2/111 [poisoned by a killer bee]
  3240 | D:7      | Succumbed to a killer bee's poison

Vault maps used:
D:1:      dpeg_arrival_chambers_temple_mockup
D:3:      uniq_natasha, uniq_sigmund
D:4:      fedhas_altar_3, temple_pool_b, serial_shops, shop, uniq_pikel,
          uniq_crazy_yiuf_cottage, uniq_edmund
D:5:      first_ration, okawaru_metal_pillars_3
D:6:      grunt_temple_overflow_champion_of_chaos, uniq_eustachio
D:7:      nicolae_overflow_hidden_temple,
          chequers_temple_overflow_statue_of_worship, serial_shops, shop,
          tso_metal_star

Skill      XL: |  1  2  3  4  5  6  7  8 |
---------------+-------------------------+-----
Fighting       | 4 5 6 7 8 |  8.0
Axes           | 5 6 7 8 10 11 | 11.5
Armour         | |  2.1
Dodging        | |  1.5

Action                   |  1- 3 |  4- 6 |  7- 9 || total
-------------------------+-------+-------+-------++-------
Melee: Hand axe          |    73 |    79 |     2 ||   154
       War axe           |       |    29 |    81 ||   110
Invok: Berserk           |     3 |     2 |     4 ||     9
  Use: Scroll            |       |       |     4 ||     4
  Eat: Chunk             |     1 |     6 |     4 ||    11
       Ration            |       |       |     1 ||     1
Armor: Animal skin       |    10 |     1 |       ||    11
       Scale mail        |       |    27 |       ||    27
       Chain mail        |       |       |    36 ||    36
Dodge: Dodged            |    59 |    59 |    37 ||   155

Table legend:
 A = Spawn XP
 B = Non-spawn XP
 C = Spawn XP percentage of total XP
 D = Spawn monster count
 E = Non-spawn monster count
 F = Spawn count percentage of total count
 G = Total turns spent on level
                    A         B        C        D         E        F      G
               +---------+---------+-------+---------+---------+-------+---------
         Total |       0 |    1987 |   0.0 |       0 |      81 |   0.0 |  3240
               +---------+---------+-------+---------+---------+-------+---------
           D:1 |       0 |      18 |   0.0 |       0 |       9 |   0.0 |   204
           D:2 |       0 |      83 |   0.0 |       0 |      28 |   0.0 |   620
           D:3 |       0 |      12 |   0.0 |       0 |       6 |   0.0 |   207
           D:4 |       0 |     768 |   0.0 |       0 |      12 |   0.0 |   518
           D:5 |       0 |     176 |   0.0 |       0 |       7 |   0.0 |   880
           D:6 |       0 |     435 |   0.0 |       0 |      10 |   0.0 |   424
           D:7 |       0 |     495 |   0.0 |       0 |       9 |   0.0 |   387
               +---------+---------+-------+---------+---------+-------+---------
